 Dungeon Crawl Stone Soup version 0.30-a0-1035-g38d5fb2972 (webtiles) character file.

Game seed: 1682550174120001918

1011 cforsyth the Caller (level 8, -9/46 HPs)
             Began as an Octopode Summoner on Apr 9, 2023.
             Was an Initiate of Gozag.
             Mangled by a gnoll
             ... wielding a +1 whip of electrocution
              (20 damage)
             ... on level 6 of the Dungeon.
             The game lasted 00:11:20 (4403 turns).

cforsyth the Caller (Octopode Summoner)             Turns: 4403, Time: 00:11:21

Health: -9/46      AC:  1    Str:  8    XL:     8   Next: 21%
Magic:  16/16      EV: 13    Int: 25    God:    Gozag
Gold:   176        SH:  0    Dex: 12    Spells: 4/17 levels left

rFire   + . .      SeeInvis +    (no weapon)
rCold   . . .      Faith    .    (no shield)
rNeg    . . .      Spirit   .    (helmet restricted)
rPois   .          Reflect  .    g - amulet of magic regeneration
rElec   .          Rampage  .    e - +6 ring of intelligence
rCorr   .                        f - ring of protection from fire
Will    .....                    u - ring of see invisible
Stlth   +++                      t - ring of flight
HPRegen 0.27/turn                (no ring)
MPRegen 0.55/turn                (no ring)
                                 (no ring)
                                 (no ring)

@: gold aura, flying
A: almost no armour, amphibious, 8 rings, camouflage 1, gelatinous body 1,
(nimble swimmer 1), tentacles
a: Renounce Religion, Potion Petition, Call Merchant, Bribe Branch


You were on level 6 of the Dungeon.
You worshipped Gozag.
Gozag was aware of your devotion.
You visited 2 branches of the dungeon, and saw 7 of its levels.

You collected 238 gold pieces.
You paid 62 gold pieces to Gozag.

Inventory:

Missiles
 q - 2 throwing nets
Jewellery
 e - a +6 ring of intelligence (left tentacle)
 f - a ring of protection from fire (right tentacle)
 g - an amulet of magic regeneration (around mantle)
 t - a ring of flight (on tentacle)
 u - a ring of see invisible (on tentacle)
Wands
 r - a wand of light (11)
 s - a wand of paralysis (8)
Scrolls
 i - 2 scrolls of fear
 n - 4 scrolls of poison
Potions
 a - 3 potions of magic
 b - 3 potions of curing
 c - 2 potions of cancellation
 d - 3 potions of haste
 h - 2 potions of heal wounds
 j - a potion of flight
 k - 3 potions of mutation
 w - 2 potions of brilliance {unknown}


   Skills:
 - Level 2.0 Dodging
 - Level 2.6 Stealth
 + Level 5.3 Spellcasting
 - Level 4.0 Hexes
 + Level 6.8 Summonings
 + Level 2.4 Air Magic


You had 4 spell levels left.
You knew the following spells:

 Your Spells              Type           Power      Damage    Failure   Level
a - Summon Small Mammal   Summ           100%       N/A       1%          1
b - Call Imp              Summ           80%        N/A       1%          2
c - Call Canine Familiar  Summ           40%        N/A       1%          3
d - Summon Guardian Gole  Hex/Summ       33%        N/A       2%          3
e - Summon Lightning Spi  Summ/Air       29%        N/A       12%         4

Your spell library contained the following spells:

 Spells                   Type           Power      Damage    Failure   Level
 Blink                    Tloc           12%        N/A       12%         2
 Gell's Gravitas          Tloc           6%         N/A       24%         3
 Teleport Other           Tloc           6%         N/A       24%         3
 Leda's Liquefaction      Hex/Erth       8%         N/A       34%         4
 Manifold Assault         Tloc           6%         N/A       61%         4
 Lee's Rapid Deconstruct  Erth           3%         3d5*      91%         5
 Dispersal                Tloc           3%         N/A       100%        6
 Statue Form              Tmut/Erth      4%         N/A       100%        6
 Storm Form               Tmut/Air       6%         N/A       100%        7


Dungeon Overview and Level Annotations

Branches:
Dungeon (6/15)             Temple (1/1) D:5

Altars:
Dithmenos
Gozag
Hepliaklqana
Kikubaaqudgha
Makhleb
Nemelex Xobeh
Qazlal
Trog
Xom

Shops:
D:1 (   D:2 ?   D:5 *

Annotations:
D:4 1 runed translucent door, bmack86's ghost, amateur MiFi
D:5 2 transporters, BleedingAnus's ghost, amateur HOMo


Innate Abilities, Weirdness & Mutations

You cannot wear most types of armour.
You are amphibious.
You can wear up to eight rings at the same time.
Your skin changes colour to match your surroundings (Stealth+).
Your rubbery body absorbs attacks. (AC +1, EV +1)
((You are camouflaged when in or above water. (Stealth+)))
You have tentacles for arms and can constrict up to eight enemies at once.


Message History

The phantom is severely damaged.
Your cerulean imp hits the phantom from afar with a +0 spear.
Your hound bites the phantom.
Your quokka barely misses the phantom.
The phantom closely misses your hound.
The gnoll hits your quokka with a +1 whip of electrocution.
Your quokka dies!
Your quokka's corpse disappears in a puff of smoke!
You tentacle-slap the phantom but do no damage.
The phantom is severely damaged.
Your hound barely misses the phantom.
Your cerulean imp barely misses the phantom.
The phantom hits you.
* * * LOW HITPOINT WARNING * * *
The phantom blinks!
You blink.
You feel much better.
Your cerulean imp misses the phantom.
The phantom barely misses you. The phantom attacks as you move away!
The phantom hits you!
Your cerulean imp hits the phantom from afar with a +0 spear.
The gnoll barely misses you.
Your hound bites the gnoll.
Unknown command.
You swap places.
Your hound bites the phantom but does no damage.
Your cerulean imp hits the phantom from afar with a +0 spear.
The phantom hits your hound.
The phantom blinks!
Your hound blinks!
The gnoll hits you with a +1 whip of electrocution.
Unknown command.
Unknown command.
You tentacle-slap the gnoll but do no damage.
You grab the gnoll. You squeeze the gnoll.
The gnoll is moderately wounded.
You constrict the gnoll, but do no damage.
Your hound bites the phantom.
The phantom is destroyed!
Your cerulean imp hits the gnoll with a +0 spear.
The gnoll hits you with a +1 whip of electrocution.
* * * LOW HITPOINT WARNING * * *
You are electrocuted!!
You die...
Your body crumbles into a pile of gold.

#.# #.# #)# #.# #
#.##.# ##....#
..##.####.§#####...
.......<..g§.....#
$
..##.####5@#######
$ #h...# #$##.## #.
#..# .. ##.# ...
#.# .#.# #.# #. #..
###


You could see a gnoll (ally target), a friendly hound (summoned) and a friendly
cerulean imp (summoned).

Vanquished Creatures
  3 orcs (D:5)
  4 endoplasms (D:1)
  A giant cockroach (D:2)
  A goblin (D:1)
  A hobgoblin (D:1)
  A jackal (D:1)
  A kobold (D:1)
12 creatures vanquished.

Vanquished Creatures (collateral kills)
  2 water moccasins (D:5)
  A black bear (D:5)
  An ogre (D:3)
  2 phantoms
  A scorpion (D:5)
  2 orc priests
  2 iguanas
  An orc wizard (D:5)
  8 gnolls (D:4)
  8 adders
  A worm (D:4)
  4 dart slugs
  17 orcs
  3 endoplasms
  3 giant cockroaches
  5 hobgoblins
  10 jackals
  8 kobolds
  2 quokkas
  8 ball pythons
  2 bats
  3 frilled lizards
  4 goblins
  2 rats (D:3)
100 creatures vanquished.

Vanquished Creatures (others)
  A jelly (D:4)
  A gnoll bouda (D:4)
  3 gnolls (D:4)
5 creatures vanquished.

Grand Total: 117 creatures vanquished

Notes
Turn   | Place    | Note
-------+----------+-------------------------------------------
     0 | D:1      | cforsyth the Octopode Summoner began the quest for the Orb.
     0 | D:1      | Reached XP level 1. HP: 11/11 MP: 3/3
   224 | D:1      | Reached XP level 2. HP: 17/17 MP: 0/5
   536 | D:1      | Learned a level 2 spell: Call Imp
   569 | D:1      | Reached XP level 3. HP: 17/21 MP: 1/6
   573 | D:1      | Learned a level 3 spell: Call Canine Familiar
   705 | D:1      | Found Vewk's Antique Weapon Boutique.
  1394 | D:2      | Found Neutetet's Magic Scroll Emporium.
  1910 | D:3      | Reached XP level 4. HP: 27/27 MP: 8/8
  2090 | D:3      | Noticed an ogre
  2102 | D:3      | Killed an ogre
  2103 | D:3      | Reached skill level 5 in Summonings
  2103 | D:3      | Reached XP level 5. HP: 31/31 MP: 7/10
  2107 | D:3      | Learned a level 3 spell: Summon Guardian Golem
  2495 | D:4      | Reached skill level 1 in Hexes
  2611 | D:4      | Identified the +1 leather armour of Thoughtfulness {Rampage
                  | rN+ Str+2}
  2707 | D:4      | Noticed bmack86's ghost (amateur MiFi)
  2723 | D:4      | Reached XP level 6. HP: 36/36 MP: 10/12
  2759 | D:4      | Found a runed translucent door.
  3136 | D:4      | Reached skill level 6 in Summonings
  3363 | D:4      | Reached XP level 7. HP: 41/41 MP: 12/14
  3368 | D:4      | Learned a level 4 spell: Summon Lightning Spire
  3483 | D:5      | Entered Level 5 of the Dungeon
  3641 | D:5      | Found a transporter.
  3731 | D:5      | Reached skill level 1 in Air Magic
  3762 | D:5      | Found a staircase to the Ecumenical Temple.
  3793 | D:5      | Found a transporter.
  3795 | D:5      | Noticed BleedingAnus's ghost (amateur HOMo)
  3836 | D:5      | Reached skill level 5 in Spellcasting
  3860 | D:5      | Found a shimmering altar of Xom.
  4052 | Temple   | Entered the Ecumenical Temple
  4068 | Temple   | Became a worshipper of Gozag Ym Sagoz the Greedy
  4099 | D:5      | Found Luacw's Serpentskin Sales.
  4109 | D:5      | Reached XP level 8. HP: 22/46 MP: 12/15
  4403 | D:6      | Mangled by a gnoll

Illustrated notes

Levels and vault maps discovered:
D:1:      dpeg_arrival_solitude, layout_basic, serial_shops, shop, minivault_24,
          supply_closet_lemuel
D:2:      layout_loops_ring, serial_shops, shop, grunt_decor_junction,
          minmay_misc_feat_rows, minmay_misc_feat_roman
D:3:      layout_basic
D:4:      layout_gridville, hellmonk_ghost_happy_afterlife, grunt_decor_fettered
D:5:      layout_cave_pools, xom_teletrap_fun,
          minmay_temple_entry_drinking_statues, gammafunk_ghost_arena,
          guppyfry_shop_venom
D:6:      layout_rooms, gup_sewer_entry_bowl
Temple:   compressed_dpeg_circular_temple

Skill      XL: |  1  2  3  4  5  6  7  8 |
---------------+-------------------------+-----
Spellcasting   | 3 4 5 |  5.3
Summonings     | 5 6 |  6.8
Hexes          | 1 2 3 4 |  4.0
Air Magic      | 2 |  2.4
Dodging        | |  2.0
Stealth        | |  2.6

Action                     |  1- 3 |  4- 6 |  7- 9 || total
---------------------------+-------+-------+-------++-------
  Melee: Unarmed           |    33 |     5 |    20 ||    58
         Tentacles         |     8 |     2 |     5 ||    15
         Constrict         |     7 |     2 |     7 ||    16
         Punch             |     2 |       |       ||     2
   Cast: Summon Small Mamm |    29 |    21 |    15 ||    65
         Call Imp          |     3 |    10 |     7 ||    20
         Call Canine Famil |    10 |    16 |     9 ||    35
         Summon Guardian G |       |     5 |     2 ||     7
         Summon Lightning  |       |       |     1 ||     1
  Evoke: Wand              |       |       |     2 ||     2
    Use: Scroll            |       |     4 |    10 ||    14
         Potion            |       |       |     2 ||     2
 Armour: Skin              |     5 |       |       ||     5
  Dodge: Dodged            |    21 |     9 |    12 ||    42

Table legend: (Time is in decaauts)
 A = Elapsed time spent in this place.
 B = Non-inter-level travel time spent in this place.
 C = Inter-level travel time spent in this place.
 D = Time resting spent in this place.
 E = Time spent auto-exploring this place.
 F = Levels seen in this place.
 G = Mean time per level.
                   A        B        C        D        E       F      G
               +--------+--------+--------+--------+--------+-----+--------+
         Total |   4401 |   4275 |    126 |    247 |   2892 |   7 |  628.7 |
       Dungeon |   4375 |   4258 |    117 |    247 |   2889 |   6 |  729.2 |
        Temple |     25 |     16 |      9 |      0 |      3 |   1 |   25.0 |
               +--------+--------+--------+--------+--------+-----+--------+

Top non-repeatable levels by time:
     D:4: 1060 daAuts
     D:1: 1044 daAuts
     D:5: 862 daAuts
     D:2: 731 daAuts
     D:3: 643 daAuts
     D:6: 32 daAuts
  Temple: 25 daAuts
